Croesus, chaotic female elven Ranger ----------- ----------- |....|....--- |.........| |..``|``...>| |.........| |.`.......--- |.........| |....|....| |....<....| |-.--------- |.........| |..`.|.....| |.........| |.``G|`.`.`| |.........| |...@.`.e`.| |.........| |.```|`..`.----------------+| |....|..`.`.^^^^^^^^^^^^^^^.| ----------------------------- Croesus the Lookout Experience level: 3 Strength: 15 Dexterity: 9 Constitution: 16 Intelligence: 14 Wisdom: 15 Charisma: 9 Health: 0(25) Energy: 22(22) Def: 10 Gold: 0 Moves: 3502 Dungeon seed: TThmemxYGkivMeSM Game ID: Croesus_1563345296 Your Inventory: Weapons d - an uncursed +1 elven dagger (alternate weapon; not wielded) e - an uncursed +1 elven bow (weapon in hand) x - an uncursed +0 dart of fire z - an uncursed poisoned +0 dart G - an uncursed +0 elven dagger H - 35 cursed -1 darts M - 5 uncursed +0 daggers V - 2 uncursed +0 darts X - 58 uncursed +2 elven arrows Y - 30 uncursed +0 elven arrows Z - 68 uncursed +0 arrows (in quiver) Armor b - an uncursed +2 elven cloak (being worn) r - an uncursed +0 banded mail (being worn) y - an uncursed +0 orcish helm (being worn) Comestibles f - 2 uncursed lembas wafers O - 3 uncursed food rations S - 2 uncursed tripe rations U - an uncursed orange Rings D - an uncursed +1 ring of gain constitution (on left hand) R - a cursed ring of teleportation Wands h - an uncursed wand of slow monster (0:6) Tools w - an uncursed magic whistle T - an uncursed towel Gems n - an uncursed touchstone Spells and supernatural/magical abilities: Name Level Category Cost Memory W - pray for help -- divine ? -- Your skills at the end: Fighting Skills wands [Basic] Weapon Skills dagger [Basic] bow [Basic] Spellcasting Skills Final Attributes: You were piously aligned. You were immune to sleep. You saw invisible. You had automatic searching. You had infravision. You were stealthy. You were lucky. Mars was noncommittal. You are dead. Vanquished creatures: a large mimic a small mimic a water nymph a shrieker a gnome lord a red naga hatchling a paper golem a giant ant a kitten a rothe a centipede a werejackal 2 iguanas 2 acid blobs a hobbit 7 manes a large kobold a hobgoblin 2 brown molds 3 yellow molds 2 green molds a red mold 3 garter snakes 3 geckos 2 jackals a kobold 4 goblins 5 grid bugs 2 bats 2 lichens 2 kobold zombies 7 newts 65 creatures vanquished. Voluntary challenges: You were an atheist. You used a wielded weapon 36 times, starting on turn 374. You read items or engraved 2 times, starting on turn 3015. You never genocided any monsters. You never polymorphed an object. You never changed form. You used no wishes. You never split a pudding. You never wrote Elbereth's name. You never violated your personal moral code. Dungeon overview: The Dungeons of Doom: levels 1 to 7 Level 1 a fountain a long staircase Level 2 Level 3 a general store, a fountain Level 4 a long staircase Level 5 a general store, a fountain Level 6 many fountains Level 7 stairs to Sokoban Sokoban: levels 5 to 6 Level 5 <- You were here Unsolved Level 6 Solved stairs to The Dungeons of Doom History has recorded: On T:1 you entered the Dungeons of Doom to retrieve the Amulet of Yendor! On T:402 you reached level 2 of The Dungeons of Doom. On T:478 you reached level 3 of The Dungeons of Doom. On T:1516 you reached level 4 of The Dungeons of Doom. On T:1825 you reached level 5 of The Dungeons of Doom. On T:2333 you reached level 6 of The Dungeons of Doom. On T:2345 you advanced to experience level 2. On T:2818 you reached level 7 of The Dungeons of Doom. On T:2868 you reached level 4 of Sokoban. On T:3000 you advanced to experience level 3. On T:3468 you reached level 3 of Sokoban. Score breakdown: Gold: 0 ( 0 points) Experience: 3 levels ( 7878 points) Exploration: 7 levels ( 14.89%) (10834 points) Discoveries: 12 items ( 4.07%) ( 6050 points) Valuables value: (no points given unless you survive) Artifact value: 0 ( 0 points) Variety of kills: 32 monsters ( 8.42%) ( 8705 points) Turncount: 3502 turns ( -828 points) Survival: died (score multiplied by 80%) Total score: 26111 Latest messages: With great effort you move the boulder. The gnome lord swings his thonged club at you. The gnome lord hits! The gnome lord swings his thonged club at you. The gnome lord just misses! You shoot 2 arrows. The 1st arrow hits the gnome lord. The 2nd arrow hits the gnome lord. You shoot 2 arrows. The 1st arrow misses the gnome lord. The 2nd arrow hits the gnome lord! The gnome lord swings his thonged club at you. The gnome lord hits! The arrow misses the gnome lord. The gnome lord swings his thonged club at you. The gnome lord hits! The arrow hits the gnome lord! The arrow hits the gnome lord. The gnome lord swings his thonged club at you. The gnome lord hits! You die... Final status: Goodbye Croesus the Ranger, killed by a gnome lord... You died in Sokoban on dungeon level 5 with 26111 points, and 0 pieces of gold, after 3502 moves. You were level 3 with a maximum of 25 hit points when you died.